 Dungeon Crawl Stone Soup version 0.18.1-48-g4cf74bf (webtiles) character file.

1624 Peloso the Blocker (level 8, 0/70 HPs)
             Began as a Minotaur Fighter on July 3, 2016.
             Was an Initiate of Okawaru.
             Killed by nerve-wracking pain
             ... invoked by Grinder
              (14 damage)
             ... on level 6 of the Dungeon.
             The game lasted 00:10:40 (4398 turns).

Peloso the Blocker (Minotaur Fighter)               Turns: 4398, Time: 00:10:40

Health: 0/70       AC: 18    Str: 20    XL:     8   Next: 65%
Magic:  7/7        EV:  6    Int:  5    God:    Okawaru [......]
Gold:   447        SH: 11    Dex: 13    Spells: 0 memorised, 7 levels left

rFire  . . .     SeeInvis .     a - +0 long sword
rCold  . . .     Gourm    +     e - +0 plate armour
rNeg   . . .     Faith    .     c - +0 shield
rPois  .         Spirit   .     (helmet restricted)
rElec  .         Dismiss  .     m - +0 cloak
rCorr  .         Reflect  .     x - +1 pair of gloves
SustAt .         Harm     .     n - +0 pair of boots
MR     .....                    y - amulet of the gourmand
Stlth  ..........               (no ring)
                                (no ring)

@: not resistant to hostile enchantments, extremely unstealthy
A: retaliatory headbutt, horns 2
a: Renounce Religion


You were on level 6 of the Dungeon.
You worshipped Okawaru.
Okawaru was noncommittal.
You were very full.

You visited 2 branches of the dungeon, and saw 7 of its levels.

You collected 447 gold pieces.

Inventory:

Hand Weapons
 a - a +0 long sword (weapon)
Armour
 b - a +0 scale mail
 c - a +0 shield (worn)
 e - a +0 plate armour (worn)
 m - a +0 cloak (worn)
 n - a +0 pair of boots (worn)
 x - a +1 pair of gloves (worn)
Jewellery
 y - an amulet of the gourmand (around neck)
Wands
 r - a wand of digging (1/24)
 z - a wand of paralysis (10/24)
Scrolls
 g - 7 scrolls of remove curse
 o - 3 scrolls of random uselessness {unknown}
 t - a scroll of recharging {unknown}
 u - a scroll of identify
 v - 3 scrolls of amnesia {unknown}
 B - a scroll of fear
 C - a scroll of fog {unknown}
Potions
 d - 2 potions of might
 h - 3 potions of berserk rage
 i - a potion of magic
 k - 5 potions of agility
 q - 2 potions of curing
 w - a potion of flight
Books
 l - a book of the Earth

   Spells                             Type                      Level
   a - Leda's Liquefaction            Hexes/Earth                  4
   b - Bolt of Magma                  Conjuration/Fire/Earth       5
   c - Statue Form                    Transmutation/Earth          6
   d - Iron Shot                      Conjuration/Earth            6
   e - Shatter                        Earth                        9
 A - a book of Death

   Spells                             Type                      Level
   a - Corpse Rot                     Necromancy                   2
   b - Sublimation of Blood           Necromancy                   2
   c - Agony                          Necromancy                   5
   d - Dispel Undead                  Necromancy                   5
   e - Excruciating Wounds            Charms/Necromancy            5
   f - Bolt of Draining               Conjuration/Necromancy       5
Comestibles
 f - 4 bread rations
 j - 2 slices of pizza
 p - 3 beef jerkies
 s - 6 fruits


   Skills:
 + Level 6.0 Fighting
 + Level 6.3 Long Blades
 + Level 6.8 Armour
 + Level 3.5 Dodging
 + Level 0.1 Stealth
 + Level 8.7 Shields


You had 7 spell levels left.
You didn't know any spells.

Dungeon Overview and Level Annotations

Branches:
Dungeon (6/15)             Temple (1/1) D:5

Altars:
Ashenzari
Cheibriados
Elyvilon
Fedhas
Kikubaaqudgha
Makhleb
Nemelex Xobeh
Okawaru
Pakellas
Ru
Sif Muna
Vehumet
Xom
Yredelemnul
Zin

Annotations:
D:6 Grinder


Innate Abilities, Weirdness & Mutations

You reflexively headbutt those who attack you in melee.
You have a pair of horns on your head.


Message History

Grinder is heavily wounded.
Grinder hits you but does no damage.
Your plate armour prevents you from hitting Grinder.
Grinder is heavily wounded.
Grinder says, "FISH!"
Grinder hits you but does no damage.
You slash Grinder! You headbutt Grinder, but do no damage.
Grinder is almost dead.
Grinder barely misses you.
Unknown command.
You hit Grinder.
Grinder is almost dead.
Grinder says, "You look like you could use a good racking."
Grinder hits you but does no damage.
Your plate armour prevents you from hitting Grinder.
You headbutt Grinder, but do no damage.
Grinder is almost dead.
Grinder gestures at you. Pain shoots through your body!
You die...

#.......#.#..........####
#########.#.#........####
..#.#.....^.....#
#......)....#
#..##.#.....#
##.##.#.....#
#..#.#.....# ##
##.#.#######
.+..#######@#.#
..........#5#.#
..............#
.+........##..#
##...(...# .....
#........#.......
#.######.#....... ?..
.#...?... ... .#.#.....


You could see Grinder.

Vanquished Creatures
  Pikel (D:5)
  Sigmund (D:5)
  Menkaure (D:5)
  Duvessa (D:5)
  2 slaves (D:5)
  An ogre (D:5)
  A centaur (D:5)
  Blork the orc (D:4)
  Dowan (D:5)
  The ghost of Pronikatel the Ducker, a weakling TrBe of Trog (D:3)
  2 scorpions
  A howler monkey (D:6)
  A crimson imp (D:5)
  A hound (D:4)
  Terence (D:3)
  5 worker ants
  A hound zombie (D:5)
  A hound skeleton (D:5)
  3 adders
  An ooze (D:4)
  3 dart slugs
  5 worms
  4 giant geckos
  2 orcs (D:3)
  5 bats
  2 giant cockroaches
  10 goblins
  3 hobgoblins
  4 jackals (D:3)
  7 kobolds
  2 quokkas
  A ball python (D:2)
  2 giant newts (D:2)
  4 rats
82 creatures vanquished.

Vanquished Creatures (others)
  A crimson imp (D:5)
  A centaur zombie (D:5)
  A worker ant zombie (D:5)
  An orc (D:5)
4 creatures vanquished.

Grand Total: 86 creatures vanquished

Notes
Turn   | Place    | Note
--------------------------------------------------------------
     0 | D:1      | Peloso the Minotaur Fighter began the quest for the Orb.
     0 | D:1      | Reached XP level 1. HP: 19/19 MP: 0/0
   150 | D:1      | Reached XP level 2. HP: 25/27 MP: 1/1
   286 | D:1      | Reached skill level 4 in Shields
   844 | D:2      | Found a blossoming altar of Fedhas.
   903 | D:2      | Reached XP level 3. HP: 33/33 MP: 2/2
  1357 | D:2      | Found a sparkling altar of Nemelex Xobeh.
  1444 | D:2      | Found an oddly glowing altar of Pakellas.
  1759 | D:3      | Reached XP level 4. HP: 30/41 MP: 3/3
  1765 | D:3      | Noticed Pronikatel's ghost (weakling TrBe)
  1780 | D:3      | Killed Pronikatel's ghost
  1780 | D:3      | Reached skill level 1 in Dodging
  1992 | D:3      | Reached XP level 5. HP: 47/47 MP: 4/4
  2049 | D:3      | Noticed Terence
  2058 | D:3      | Killed Terence
  2058 | D:3      | Reached skill level 5 in Shields
  2597 | D:4      | Reached XP level 6. HP: 53/53 MP: 5/5
  2670 | D:4      | Noticed Blork the orc
  2676 | D:4      | Killed Blork the orc
  2676 | D:4      | Reached skill level 6 in Shields
  3064 | D:4      | Reached skill level 5 in Armour
  3350 | D:5      | Entered Level 5 of the Dungeon
  3350 | D:5      | Noticed a slave
  3351 | D:5      | Noticed a slave
  3360 | D:5      | Killed a slave
  3374 | D:5      | Killed a slave
  3382 | D:5      | Noticed Pikel
  3385 | D:5      | Noticed a slave
  3386 | D:5      | Noticed a slave
  3400 | D:5      | Killed Pikel
  3400 | D:5      | Reached skill level 5 in Fighting
  3400 | D:5      | Reached skill level 7 in Shields
  3400 | D:5      | Reached XP level 7. HP: 28/61 MP: 6/6
  3593 | D:5      | Reached skill level 5 in Long Blades
  3593 | D:5      | Reached XP level 8. HP: 34/68 MP: 7/7
  3666 | D:5      | Noticed Menkaure
  3671 | D:5      | Killed Menkaure
  3671 | D:5      | Reached skill level 8 in Shields
  3683 | D:5      | Noticed Sigmund
  3692 | D:5      | Killed Sigmund
  3790 | D:5      | Found a staircase to the Ecumenical Temple.
  3802 | Temple   | Entered the Ecumenical Temple
  3988 | Temple   | Became a worshipper of Warmaster Okawaru
  4027 | D:5      | Found a sacrificial altar of Ru.
  4109 | D:5      | Noticed Dowan
  4110 | D:5      | Noticed Duvessa
  4114 | D:5      | Killed Dowan
  4127 | D:5      | Killed Duvessa
  4358 | D:6      | Noticed Grinder
  4371 | D:6      | Paralysed by something for 7 turns
  4398 | D:6      | Killed from afar by Grinder

Skill      XL: |  1  2  3  4  5  6  7  8 |
---------------+-------------------------+-----
Fighting       | 4 5 6 |  6.0
Shields        | 4 5 7 8 |  8.7
Armour         | 4 5 6 |  6.8
Dodging        | 1 2 3 |  3.5
Long Blades    | 3 4 5 6 |  6.3
Stealth        | |  0.1

Action                   |  1- 3 |  4- 6 |  7- 9 || total
-------------------------+-------+-------+-------++-------
Melee: Long sword        |   106 |   150 |    98 ||   354
       Headbutt          |    15 |    33 |    20 ||    68
  Use: Scroll            |       |     6 |     4 ||    10
  Eat: Chunk             |     2 |     7 |    12 ||    21
Armor: Scale mail        |    45 |    50 |       ||    95
       Plate armour      |       |    46 |    58 ||   104
Dodge: Dodged            |    30 |    48 |    15 ||    93
Block: Shield            |    49 |   112 |    48 ||   209
